 Dungeon Crawl Stone Soup version 0.14-a0-2061-g6c6fb9c (webtiles) character file.

892 Jenx the Magician (level 7, -3/41 HPs)
             Began as an Octopode Wizard on Jan 22, 2014.
             Slain by a sky beast (6 damage)
             ... on Level 5 of the Dungeon.
             The game lasted 00:18:56 (4341 turns).

Jenx the Magician (Octopode Wizard)                 Turns: 4341, Time: 00:18:56

HP  -3/41        AC  1     Str  7      XL: 7   Next: 81%
MP  15/18        EV 16     Int 20      God:
Gold 127         SH  0     Dex 12      Spells:  5 memorised,  6 levels left

rFire  . . .     SeeInvis .     a - +6,+4 elf dagger (speed)
rCold  . . .     Clarity  .     (no shield)
rNeg   . . .     Conserve .     b - +0 hat
rPois  .         rCorr    .     y - amulet of resist mutation
rElec  .         rRot     .     r - +4 ring of evasion
SustAb . .       Spirit   .     (no ring)
rMut   +         Warding  .     (no ring)
Saprov . . .     Stasis   .     (no ring)
MR     .....                    (no ring)
                                (no ring)
                                (no ring)
                                (no ring)

@: not resistant to hostile enchantments, quite stealthy
A: almost no armour, amphibious, 8 rings, constrict 8, camouflage 1, gelatinous
body 1
a: no special abilities


You were on level 5 of the Dungeon.
You were not hungry.

You visited 1 branch of the dungeon, and saw 5 of its levels.

You collected 127 gold pieces.

Inventory:

Hand weapons
 a - a +6,+4 elven dagger of speed (weapon)
 j - a +3,+1 vampiric short sword
 H - a +0,+3 elven whip of freezing
Missiles
 G - 5 steel tomahawks (quivered)
Armour
 b - a +0 hat (worn)
Magical devices
 E - a wand of digging (8)
Comestibles
 d - 2 bread rations
 g - 2 meat rations
 p - an apple
 x - a cheese
 K - 2 rotting chunks of worker ant flesh
Scrolls
 e - 3 scrolls of curse jewellery {unknown}
 f - a scroll of identify
 k - 2 scrolls of enchant armour {unknown}
 l - a scroll of enchant weapon II {unknown}
 n - 5 scrolls of remove curse
 q - 3 scrolls of teleportation
 u - 5 scrolls of recharging {unknown}
 v - 2 scrolls of immolation {unknown}
 D - a scroll of amnesia {unknown}
 F - a scroll of vulnerability {unknown}
 I - a scroll of fear {unknown}
Jewellery
 r - a +4 ring of evasion (left tentacle)
 y - an amulet of resist mutation (around mantle)
Potions
 h - a potion of poison {unknown}
 i - 3 potions of brilliance {unknown}
 o - a potion of curing {unknown}
 s - a potion of lignification {unknown}
 z - a potion of heal wounds {unknown}
 A - a potion of confusion {unknown}
 B - a potion of magic {unknown}
 C - a potion of speed {unknown}
 Q - a potion of restore abilities {unknown}
Books
 c - a book of Minor Magic

   Spells                             Type                      Level
   *Magic Dart                        Conjuration                  1
   *Blink                             Translocation                2
   *Call Imp                          Summoning                    2
   *Repel Missiles                    Charms/Air                   2
   Slow                               Hexes                        2
   Conjure Flame                      Conjuration/Fire             3
   *Mephitic Cloud                    Conjuration/Poison/Air       3
 m - a book of Annihilations {highlevel}

   This book is beyond your current level of understanding.

   Spells                             Type                      Level
   Poison Arrow                       Conjuration/Poison           6
   Chain Lightning                    Conjuration/Air              8
   Lehudib's Crystal Spear            Conjuration/Earth            8
   Ice Storm                          Conjuration/Ice              9
   Fire Storm                         Conjuration/Fire             9
 w - a book of Unlife

   Spells                             Type                      Level
   Recall                             Summoning/Translocation      3
   Animate Dead                       Necromancy                   4
   Control Undead                     Necromancy                   4
   Twisted Resurrection               Necromancy                   5
   Death Channel                      Necromancy                   6
   Simulacrum                         Ice/Necromancy               6


   Skills:
 - Level 3.1 Short Blades
 - Level 2.0 Dodging
 + Level 4.2 Stealth
 - Level 0.2 Unarmed Combat
 - Level 5.0 Spellcasting
 - Level 2.3 Conjurations
 - Level 1.0 Summonings
 * Level 2.9 Translocations
 - Level 3.0 Air Magic
 - Level 3.1 Poison Magic


You had 6 spell levels left.
You knew the following spells:

 Your Spells              Type           Power        Failure   Level  Hunger
a - Magic Dart            Conj           ##..         4%          1    None
b - Call Imp              Summ           #.........   14%         2    None
c - Mephitic Cloud        Conj/Pois/Air  ###.....     12%         3    ##.....
d - Repel Missiles        Chrm/Air       ##........   12%         2    None
e - Blink                 Tloc           N/A          6%          2    None


Dungeon Overview and Level Annotations

Branches:
Dungeon (5/16)
 Temple: D:4-7

Altars:
Elyvilon
Okawaru
Yredelemnul


Innate Abilities, Weirdness & Mutations

You cannot wear most types of armour.
You are amphibious.
You can wear up to eight rings at the same time.
You can use your tentacles to constrict many enemies at once.
Your skin changes colour to match your surroundings (Stlth).
Your rubbery body absorbs attacks (AC +1).


Message History

Aiming: Magic Dart
Press: ? - help, Shift-Dir - straight line, f - sky beast
Aim: a sky beast The magic dart hits the sky beast.
The sky beast flickers out of sight!
Deactivating autopickup; reactivate with Ctrl-A.
Something barely misses you.
Some of the chunks of flesh in your inventory have completely rotted away.
You barely miss something. You closely miss something.
Something hits you but does no damage.
You hit something. You hit something but do no damage. Something hits you.
* * * LOW HITPOINT WARNING * * *
Something shocks you!
* * * LOW HITPOINT WARNING * * *
You hit something.
The crimson imp blinks!
You miss something. You hit something but do no damage. Something hits you.
* * * LOW HITPOINT WARNING * * *
Something shocks you!
You die...

.# #. #.# #.##### .#
#..###.# #.# .# #......#
###.### .# ##.##..#
#.....## .# #..#
######......# .# #..#
#..........#.# .# #..#
#.####......## ##
#..######..........#.#
#).ยง.@........##..##..
#.....5.######........##
# .####..# #.......## .
#..######......#.# #
#...........##.##.###.
......###...##.###.#.#
.##.# #...........## .
... #............. #
#.#.##.####..#


You could see a crimson imp.

Vanquished Creatures
  An ogre (D:4)
  3 centaurs
  Blork the orc (D:4)
  2 hounds (D:5)
  5 worker ants
  A hound skeleton (D:4)
  A worker ant zombie (D:5)
  4 gnolls (D:5)
  6 adders
  2 worms (D:5)
  A giant eyeball (D:4)
  2 giant geckos
  An ooze (D:5)
  5 orcs
  A ball python (D:2)
  8 giant cockroaches
  11 goblins
  11 hobgoblins
  2 quokkas (D:3)
  8 bats
  8 giant newts
  11 kobolds
  13 rats
108 creatures vanquished.

Notes
Turn   | Place    | Note
--------------------------------------------------------------
     0 | D:1      | Jenx, the Octopode Wizard, began the quest for the Orb.
     0 | D:1      | Reached XP level 1. HP: 11/11 MP: 4/4
   188 | D:1      | Reached XP level 2. HP: 13/17 MP: 6/6
   324 | D:1      | Learned a level 2 spell: Call Imp
   858 | D:1      | Reached skill level 1 in Short Blades
   897 | D:2      | Reached XP level 3. HP: 19/21 MP: 7/7
  1106 | D:2      | Learned a level 3 spell: Mephitic Cloud
  1109 | D:2      | Learned a level 2 spell: Repel Missiles
  1463 | D:2      | Reached XP level 4. HP: 18/27 MP: 9/9
  1660 | D:2      | Found an iron altar of Okawaru.
  2145 | D:3      | Noticed a centaur
  2250 | D:3      | Found a white marble altar of Elyvilon.
  2646 | D:3      | Noticed a centaur
  2651 | D:3      | Killed a centaur
  2651 | D:3      | Reached skill level 4 in Spellcasting
  2651 | D:3      | Reached XP level 5. HP: 31/31 MP: 3/13
  2652 | D:3      | Killed a centaur
  2652 | D:3      | Reached XP level 6. HP: 36/36 MP: 3/16
  2798 | D:4      | Reached skill level 5 in Spellcasting
  2808 | D:4      | Learned a level 2 spell: Blink
  3091 | D:4      | Paralysed by a giant eyeball for 4 turns
  3100 | D:4      | Reached skill level 1 in Poison Magic
  3118 | D:4      | Reached skill level 1 in Air Magic
  3151 | D:4      | Found a basalt altar of Yredelemnul.
  3163 | D:4      | Noticed Blork the orc
  3230 | D:4      | Killed Blork the orc
  3415 | D:4      | Reached XP level 7. HP: 41/41 MP: 14/18
  3660 | D:5      | Entered Level 5 of the Dungeon
  4341 | D:5      | Slain by a sky beast

Action                   |  1- 3 |  4- 6 |  7- 9 || total
-------------------------+-------+-------+-------++-------
Melee: Unarmed           |    23 |       |       ||    23
       Dagger            |    57 |   110 |    81 ||   248
 Cast: Magic Dart        |    17 |     2 |     5 ||    24
       Mephitic Cloud    |       |     4 |     2 ||     6
       Call Imp          |       |     2 |       ||     2
Evoke: Wand              |       |     1 |       ||     1
  Use: Scroll            |       |     3 |     1 ||     4
 Stab: Sleeping          |     8 |     4 |     4 ||    16
       Confused          |       |     3 |     2 ||     5
